Map: [ESL] Data-C

Players

herO - Winner!

  • Race: Protoss Protoss
  • Spawn Location: 9:00

Reynor

  • Race: Zerg Zerg
  • Spawn Location: 3:00

VOD

Have the link to the VOD?

Description

Time

  • Played on: Nov. 4, 2022, 12:20 p.m.
  • Length: 9:27
Show
View Real Time Build Order
Export as new Build Order

herO Protoss - Winner!

Build Orders: 1 Gate Expand 

Get SALT Encoding   

  12  0:00  Probe  
  13  0:12  Probe  
  14  0:17  Pylon  
  14  0:24  Probe  
  15  0:35  Gateway  
  15  0:38  Probe (Chrono Boost)  
  16  0:42  Assimilator  
  16  0:49  Probe (Chrono Boost)  
  17  0:54  Probe (Chrono Boost)  
  18  1:04  Probe  
  19  1:16  Probe  
  20  1:22  Cybernetics Core  
  20  1:33  Nexus  
  20  1:39  Pylon  
  20  1:41  Probe  
  21  1:47  Assimilator  
  21  1:54  Probe  
  22  1:55  Adept (Chrono Boost)  
  22  2:00  Warp Gate  
  24  2:06  Probe  
  25  2:18  Probe (Chrono Boost), Stalker  
  28  2:28  Probe (Chrono Boost)  
  29  2:33  Probe (Chrono Boost)  
  30  2:45  Probe (Chrono Boost)  
  30  2:46  Probe (Chrono Boost)  
  30  2:50  Adept  
  36  2:58  Probe (Chrono Boost)  
  36  3:02  Probe (Chrono Boost), Gateway  
  36  3:03  Gateway  
  36  3:05  Probe (Chrono Boost)  
  36  3:08  Probe  
  38  3:14  Probe  
  39  3:20  Probe  
  39  3:22  Adept  
  42  3:28  Nexus  
  42  3:33  Pylon  
  42  3:35  Probe  
  42  3:36  Probe  
  44  3:47  Probe  
  44  3:48  Probe  
  46  3:59  Adept x3  
  50  4:04  Probe x2  
  50  4:05  Twilight Council  
  50  4:06  Forge  
  52  4:13  Pylon  
  52  4:16  Probe x2, Assimilator  
  54  4:18  Assimilator  
  54  4:28  Robotics Facility  
  54  4:31  Probe (Chrono Boost)  
  54  4:32  Pylon  
  54  4:34  Probe (Chrono Boost)  
  56  4:43  Probe (Chrono Boost), Blink (Chrono Boost)  
  56  4:44  Probe (Chrono Boost)  
  58  4:46  Protoss Ground Weapons Level 1  
  58  4:48  Probe (Chrono Boost)  
  58  4:51  Probe (Chrono Boost)  
  60  4:53  Probe (Chrono Boost)  
  62  5:03  Probe (Chrono Boost)  
  62  5:04  Gateway, Probe x2 (Chrono Boost)  
  62  5:05  Gateway  
  64  5:11  Probe (Chrono Boost)  
  64  5:13  Probe (Chrono Boost)  
  64  5:14  Shield Battery, Probe (Chrono Boost)  
  67  5:15  Observer (Chrono Boost)  
  67  5:16  Robotics Bay  
  67  5:18  Probe x2 (Chrono Boost), Pylon  
  67  5:20  Probe (Chrono Boost)  
  71  5:25  Gateway  
  71  5:26  Probe  
  71  5:27  Probe  
  73  5:29  Gateway  
  73  5:34  Observer (Chrono Boost), Gateway  
  74  5:36  Photon Cannon  
  74  5:40  Stalker  
  76  5:42  Stalker  
  76  5:48  Stalker  
  73  6:00  Immortal (Chrono Boost)  
  73  6:01  Stalker x2  
  71  6:12  Probe x3  
  74  6:24  Probe x3  
  77  6:33  Warp Prism (Chrono Boost)  
  77  6:36  Observer, Stalker x5  
  77  6:38  Pylon  
  85  7:00  Disruptor (Chrono Boost)  
  88  7:05  Stalker x6  
  100  7:09  Pylon x2  
  99  7:21  Stalker  
  101  7:27  Disruptor (Chrono Boost)  
  101  7:29  Stalker x5  
  114  7:36  Stalker  
  116  7:46  Stalker  
  116  7:51  Pylon x3  
  116  8:02  Stalker  
  116  8:07  Disruptor  
  116  8:10  Stalker  
  116  8:11  Stalker x3  
  116  8:12  Stalker  
  121  8:13  Zealot x2  
  121  8:23  Observer  
  113  8:38  Stalker x5  
  113  8:39  Zealot x3  
  126  9:05  Zealot x4, Stalker x4  
Show
View Real Time Build Order
Export as new Build Order

Reynor Zerg 

Build Orders: Hatch First 

Get SALT Encoding   

  12  0:00  Drone  
  13  0:12  Overlord  
  13  0:17  Drone  
  14  0:30  Drone x2  
  16  0:49  Hatchery  
  15  0:51  Drone  
  15  0:55  Drone  
  17  0:58  Drone  
  18  1:09  Extractor  
  17  1:14  Spawning Pool  
  17  1:17  Drone  
  17  1:20  Drone  
  18  1:27  Drone  
  19  1:38  Drone  
  20  1:49  Overlord  
  20  2:01  Queen x2  
  20  2:02  Drone x2  
  26  2:10  Drone  
  26  2:11  Drone  
  28  2:22  Hatchery  
  27  2:25  Drone  
  27  2:27  Drone  
  29  2:32  Drone  
  29  2:33  Drone  
  31  2:43  Zergling x2  
  32  2:44  Zergling x2  
  32  2:46  Queen  
  35  2:53  Overlord  
  35  2:56  Metabolic Boost  
  35  2:58  Overlord  
  35  3:05  Drone  
  36  3:13  Overlord  
  36  3:16  Drone x4  
  36  3:17  Queen  
  42  3:22  Drone  
  44  3:27  Drone  
  44  3:31  Queen  
  44  3:32  Drone  
  44  3:34  Drone  
  48  3:35  Queen  
  48  3:38  Drone  
  51  3:45  Zergling x4  
  51  3:48  Zergling x2  
  52  3:56  Zergling x4  
  52  3:57  Drone x3  
  52  3:58  Drone  
  58  4:09  Overlord  
  57  4:10  Overlord  
  57  4:11  Roach Warren  
  57  4:16  Drone x2  
  58  4:18  Overlord  
  58  4:24  Zergling x2  
  58  4:25  Overlord  
  58  4:27  Zergling x2  
  58  4:28  Zergling x8  
  58  4:29  Zergling x2  
  64  4:31  Queen  
  64  4:34  Overlord  
  64  4:38  Zergling x2  
  67  4:42  Zergling x6  
  67  4:45  Overlord  
  72  4:53  Roach x5  
  72  4:55  Roach  
  72  4:58  Roach  
  72  4:59  Spore Crawler  
  83  5:05  Roach  
  83  5:06  Roach  
  87  5:10  Drone  
  87  5:12  Drone x3  
  90  5:14  Spore Crawler  
  90  5:16  Spore Crawler, Drone  
  90  5:17  Drone  
  90  5:20  Drone x2  
  90  5:21  Drone  
  93  5:22  Drone  
  93  5:26  Lair  
  93  5:27  Drone  
  93  5:28  Extractor  
  94  5:29  Drone  
  94  5:31  Drone  
  96  5:37  Overlord, Evolution Chamber  
  96  5:38  Drone  
  96  5:41  Drone  
  94  5:50  Drone x7  
  94  5:52  Drone  
  94  5:53  Overlord  
  94  5:55  Drone x2  
  94  5:56  Drone  
  92  6:05  Drone x2  
  92  6:07  Zerg Melee Weapons Level 1, Extractor x2  
  92  6:08  Drone  
  91  6:15  Zergling x4  
  91  6:18  Hatchery  
  91  6:20  Zergling x8  
  91  6:24  Zergling x2  
  91  6:25  Zergling x4  
  97  6:27  Zergling x2  
  97  6:32  Drone x2  
  99  6:39  Zergling x6  
  101  6:45  Drone x3  
  104  6:48  Zergling x6, Evolution Chamber  
  104  6:49  Overlord  
  104  6:50  Baneling Nest  
  104  6:51  Overlord  
  104  6:52  Glial Reconstitution  
  104  6:54  Zergling x8  
  108  7:02  Overlord  
  108  7:03  Zergling x4  
  110  7:13  Roach  
  110  7:14  Roach x4  
  110  7:15  Zergling x8  
  120  7:19  Queen  
  120  7:20  Queen  
  122  7:22  Ravager  
  122  7:23  Roach x2, Ravager x2  
  122  7:24  Roach  
  122  7:26  Zergling x2  
  122  7:28  Roach  
  130  7:35  Spine Crawler  
  130  7:37  Zergling x4, Roach x2  
  136  7:40  Overlord  
  132  7:45  Zergling x2, Roach x3  
  132  7:49  Zergling x4, Roach x2  
  142  7:53  Overlord  
  142  7:55  Zergling x2  
  142  7:56  Zergling x4  
  143  8:00  Zergling x6  
  135  8:08  Roach x2  
  135  8:09  Queen  
  135  8:11  Zergling x2  
  135  8:12  Roach  
  119  8:15  Queen  
  119  8:17  Zergling x2  
  119  8:18  Zergling x12  
  119  8:19  Ravager  
  127  8:20  Ravager  
  127  8:21  Zergling x2  
  128  8:28  Zergling x4  
  128  8:32  Zergling x2  
  124  8:40  Zergling x4  
  126  8:43  Hatchery  
  126  8:45  Zergling x8  
  129  8:50  Hatchery  
  129  8:52  Zergling x8  
  130  9:01  Zergling x2, Roach x2  
  113  9:04  Roach x2  
  113  9:06  Drone  
  113  9:07  Roach  
Tags
 
Add a new tag
Caveats
  • Supply blocks, unpowered buildings, or Contaminate may cause inaccurate times.
  • Supply counts are checked every 10 seconds.